 Dungeon Crawl Stone Soup version 0.30-a0-782-ge64f9170bb (webtiles) character file.

Game seed: 17008305009638953172

63 Barriton the Gusty (level 3, -1/26 HPs)
             Began as a Draconian Air Elementalist on Mar 13, 2023.
             Succumbed to a scorpion's poison
             ... on level 2 of the Dungeon.
             The game lasted 00:02:27 (1681 turns).

Barriton the Gusty (Draconian Air Elementalist)     Turns: 1681, Time: 00:02:28

Health: -1/26      AC:  5    Str: 10    XL:     3   Next: 87%
Magic:  1/6        EV: 12    Int: 17    God:
Gold:   72         SH:  0    Dex: 11    Spells: 6/7 levels left

rFire   . . .      SeeInvis .    (no weapon)
rCold   . . .      Faith    .    (no shield)
rNeg    . . .      Spirit   .    (body armour unavailable)
rPois   .          Reflect  .    (helmet restricted)
rElec   .          Harm     .    (no cloak)
rCorr   .          Rampage  .    (no gloves)
Will    .....                    (no boots)
Stlth   ++                       (no amulet)
HPRegen 0.24/turn                (no ring)
MPRegen 0.10/turn                (no ring)

@: lethally poisoned (-1 -> -7)
A: AC +5, unfitting armour, cold-blooded
a: no special abilities


You were on level 2 of the Dungeon.
You visited 1 branch of the dungeon, and saw 2 of its levels.

You collected 72 gold pieces.

Inventory:

Scrolls
 b - a scroll of identify
Potions
 a - a potion of magic
 c - a potion of lignification
 e - 2 potions of brilliance


   Skills:
 + Level 0.2 Fighting
 + Level 2.2 Dodging
 + Level 1.9 Stealth
 + Level 0.8 Unarmed Combat
 + Level 2.5 Spellcasting
 + Level 1.9 Conjurations
 + Level 3.5 Air Magic


You had 6 spell levels left.
You knew the following spells:

 Your Spells              Type           Power      Damage    Failure   Level
a - Shock                 Conj/Air       44%        1d5       6%          1

Your spell library contained the following spells:

 Spells                   Type           Power      Damage    Failure   Level
 Static Discharge         Conj/Air       22%        2-3/arc   9%          2
 Swiftness                Air            14%        N/A       13%         3
 Airstrike                Air            7%         2d(1-17)  41%         4


Dungeon Overview and Level Annotations

Branches:
Dungeon (2/15)

Altars:


Innate Abilities, Weirdness & Mutations

Your plain brown scales are hard. (AC +5)
You cannot fit into any form of body armour.
You are cold-blooded and may be slowed by cold attacks.


Message History

Aiming: Shock (safe; 6% risk of failure)
Press: ? - help, Shift-Dir - straight line, f/p - scorpion
Aim: a scorpion (lightly wounded, 68% to hit)
The zap hits the scorpion.
The scorpion is moderately wounded.
The scorpion stings you. The scorpion misses you.
Casting: Shock (safe; 6% risk of failure)
Confirm with . or Enter, or press ? or * to list all spells.
Aiming: Shock (safe; 6% risk of failure)
Press: ? - help, Shift-Dir - straight line, f/p - scorpion
Aim: a scorpion (moderately wounded, 68% to hit)
The zap hits the scorpion.
The scorpion is moderately wounded.
The scorpion completely misses you.
You closely miss the scorpion.
The scorpion is moderately wounded.
The scorpion stings you but does no damage.
You hit the scorpion.
Your tail-slap misses the scorpion.
The scorpion is moderately wounded.
The scorpion stings you.
You are lethally poisoned!
The scorpion poisons you!
You barely miss the scorpion.
The scorpion is moderately wounded.
You feel very sick. The scorpion misses you.
You hit the scorpion but do no damage.
Your tail-slap misses the scorpion.
The scorpion is moderately wounded.
* * * LOW HITPOINT WARNING * * *
You feel sick.
The scorpion stings you but does no damage.
You closely miss the scorpion.
The scorpion is moderately wounded.
* * * LOW HITPOINT WARNING * * *
You feel sick. The scorpion stings you.
* * * LOW HITPOINT WARNING * * *
The scorpion barely misses you.
You hit the scorpion but do no damage.
The scorpion is moderately wounded.
You die...

###. #..# ...#
#...##.## ..#.. ####
#...# ....# ..)..
#.#######..##
#....#†####.....#
#...........#..###
#.....#..........#
#....##..........#..
#.....#.....@....#.#
#...........s......#
#.†..##...........##
#... #.............
#.. #...........##
#....>......#
####.##.#.##..#
.##....##...# #..
...........## #.


You could see a scorpion.

Vanquished Creatures
  An adder (D:2)
  2 dart slugs
  3 bats (D:1)
  9 endoplasms
  2 goblins (D:1)
  2 hobgoblins (D:1)
  7 jackals
  3 quokkas (D:1)
  2 ball pythons (D:1)
  3 frilled lizards
  3 kobolds
  7 rats
44 creatures vanquished.

Vanquished Creatures (others)
  2 fungi (D:2)
  2 plants (D:2)
4 creatures vanquished.

Grand Total: 48 creatures vanquished

Notes
Turn   | Place    | Note
-------+----------+-------------------------------------------
     0 | D:1      | Barriton the Draconian Air Elementalist began the quest for
                  | the Orb.
     0 | D:1      | Reached XP level 1. HP: 14/14 MP: 3/3
   253 | D:1      | Reached XP level 2. HP: 20/20 MP: 0/5
   783 | D:1      | Reached XP level 3. HP: 26/26 MP: 4/6
  1658 | D:2      | Noticed a scorpion
  1680 | D:2      | HP: 1/26 [scorpion (4)]
  1681 | D:2      | Succumbed to a scorpion's poison

Illustrated notes

Levels and vault maps discovered:
D:1:      erik_arrival_orb_chamber, layout_basic, serial_glass, glass_columns_c,
          glass_columns_a, glass_columns_c, glass_columns_a, glass_columns_b,
          glass_columns_a, glass_columns_b, glass_columns_a
D:2:      layout_rooms, shapermc_ecumenical_altar_rom_forum,
          grunt_ministairs_12, reono_crystal_passage, minmay_heptomino_d4

Skill      XL: |  1 |
---------------+----+-----
Dodging        | 2 |  2.2
Fighting       | |  0.2
Stealth        | |  1.9
Unarmed Combat | |  0.8
Spellcasting   | |  2.5
Conjurations   | |  1.9
Air Magic      | |  3.5

Action                     || total
---------------------------++-------
  Melee: Unarmed           ||    66
         Tailslap          ||     5
         Punch             ||     1
   Cast: Shock             ||    83
    Use: Scroll            ||     5
 Armour: Skin              ||    23
  Dodge: Dodged            ||    84

Table legend: (Time is in decaauts)
 A = Elapsed time spent in this place.
 B = Non-inter-level travel time spent in this place.
 C = Inter-level travel time spent in this place.
 D = Time resting spent in this place.
 E = Time spent auto-exploring this place.
 F = Levels seen in this place.
 G = Mean time per level.
                   A        B        C        D        E       F      G
               +--------+--------+--------+--------+--------+-----+--------+
         Total |   1681 |   1659 |     22 |      0 |   1382 |   2 |  840.5 |
       Dungeon |   1681 |   1659 |     22 |      0 |   1382 |   2 |  840.5 |
               +--------+--------+--------+--------+--------+-----+--------+

Top non-repeatable levels by time:
     D:1: 1355 daAuts
     D:2: 326 daAuts
